 Dungeon Crawl Stone Soup version 0.31-a0-149-g3fdcc5976a (webtiles) character file.

Game seed: 12172977123181916913

6962 porpoise the Severer (level 11, 0/97 HPs)
             Began as a Hill Orc Fighter on June 8, 2023.
             Was an Elder of Qazlal.
             Slain by a seven-headed hydra (8 damage)
             ... on level 9 of the Dungeon.
             The game lasted 00:31:15 (7241 turns).

porpoise the Severer (Hill Orc Fighter)             Turns: 7241, Time: 00:31:16

Health: 0/97       AC: 12    Str: 24    XL:     11   Next: 7%
Magic:  17/17      EV: 11    Int:  8    God:    Qazlal [****..]
Gold:   424        SH: 10    Dex: 10    Spells: 10/10 levels left

rFire   . . .        a - +1 war axe (heavy)
rCold   . . .        c - +1 buckler
rNeg    . . .        u - +0 scale mail
rPois   +            A - +0 helmet
rElec   .            R - +0 cloak
rCorr   .            m - +1 pair of gloves
SInv    .            i - +0 pair of boots
Will    +....        g - amulet of regeneration Stlth
                     W - ring of poison resistance
HPRegen 1.16/turn    M - ring of willpower
MPRegen 0.15/turn

%: repel missiles
@: no status effects
A: no striking features
a: Renounce Religion, Upheaval, Elemental Force


You were on level 9 of the Dungeon.
You worshipped Qazlal.
Qazlal was greatly pleased with you.
You visited 2 branches of the dungeon, and saw 10 of its levels.
You also visited: Ossuary.

You collected 452 gold pieces.
You spent 28 gold pieces at shops.

Inventory:

Hand Weapons
 a - a +1 heavy war axe (weapon)
 b - a +0 sling
 n - a +5 spear of venom
 C - a +3 vampiric whip
 S - a +4 battleaxe of freezing
Missiles
 F - 15 poisoned darts
 L - 3 curare-tipped darts
Armour
 c - a +1 buckler (worn)
 i - a +0 pair of boots (worn)
 m - a +1 pair of gloves (worn)
 p - the +2 ring mail "Kiseocw" {Rampage MP+9}
   (You found it on level 2 of the Dungeon)

   MP:        It affects your magic capacity (+9).
   Rampage:   It bestows one free step when moving towards enemies.
 u - a +0 scale mail (worn)
 A - a +0 helmet (worn)
 R - a +0 cloak (worn)
 V - +0 acid dragon scales
 X - a +0 troll leather armour
 Z - a +2 helmet
Jewellery
 g - an amulet of regeneration (around neck)
 o - a ring of resist corrosion
 y - a ring of fire
 H - the ring "Ide Yho" {Will+++ Int+4 Dex+6 Slay-4}
   (You found it on level 5 of the Dungeon)

   [ring of dexterity]

   Int:       It affects your intelligence (+4).
   Dex:       It affects your dexterity (+6).
   Slay:      It affects your accuracy & damage with ranged weapons and melee
   (-4).
   Will:      It greatly increases your willpower.
 I - a +6 ring of strength
 M - a ring of willpower (right hand)
 O - a +6 ring of strength
 Q - an amulet of guardian spirit
 T - a +6 ring of strength
 W - a ring of poison resistance (left hand)
Wands
 D - a wand of quicksilver (4)
 P - a wand of charming (17)
Scrolls
 d - 3 scrolls of enchant weapon
 e - a scroll of fog
 j - a scroll of blinking
 q - 2 scrolls of fear
 s - 2 scrolls of immolation
 w - a scroll of silence
 x - 6 scrolls of teleportation
 J - 2 scrolls of amnesia
 N - 2 scrolls of brand weapon
 U - a scroll of enchant armour
 Y - a scroll of identify
Potions
 f - a potion of degeneration {unknown}
 h - 4 potions of curing
 k - 3 potions of haste
 l - 4 potions of attraction
 r - 3 potions of heal wounds
 t - a potion of cancellation {unknown}
 v - 2 potions of brilliance
 z - 3 potions of invisibility {unknown}
 B - 2 potions of lignification
 E - 5 potions of resistance
 G - a potion of ambrosia {unknown}
 K - 2 potions of magic


   Skills:
 - Level 9.0 Fighting
 - Level 16.0 Axes
 - Level 4.1 Armour
 + Level 4.6 Dodging
 - Level 3.2 Shields
 + Level 8.0 Invocations


You had 10 spell levels left.
You didn't know any spells.
Your spell library contained the following spells:

 Spells                   Type           Power      Damage    Failure   Level
 Beastly Appendage        Tmut           0%         N/A       77%         1
 Kiss of Death            Conj/Necr      0%         2d5       77%         1
 Magic Dart               Conj           0%         1d3       77%         1
 Call Imp                 Summ           0%         N/A       88%         2
 Wereblood                Tmut           0%         N/A       88%         2
 Call Canine Familiar     Summ           0%         N/A       98%         3
 Confusing Touch          Hex            0%         N/A       98%         3
 Frozen Ramparts          Ice            0%         1d1       98%         3
 Hailstorm                Conj/Ice       0%         3d3       98%         3
 Mephitic Cloud           Conj/Pois/Air  0%         N/A       98%         3
 Portal Projectile        Hex/Tloc       0%         N/A       98%         3
 Spider Form              Tmut/Pois      0%         N/A       98%         3
 Teleport Other           Tloc           0%         N/A       98%         3
 Animate Dead             Necr           0%         N/A       100%        4
 Dispel Undead            Necr           0%         3d6       100%        4
 Ice Form                 Ice/Tmut       0%         N/A       100%        4
 Leda's Liquefaction      Hex/Erth       0%         N/A       100%        4
 Summon Ice Beast         Ice/Summ       0%         N/A       100%        4
 Borgnjor's Vile Clutch   Necr/Erth      0%         N/A       100%        5
 Summon Forest            Summ/Tloc      0%         N/A       100%        5
 Death Channel            Necr           0%         N/A       100%        6
 Eringya's Noxious Bog    Tmut/Pois      0%         N/A       100%        6
 Simulacrum               Ice/Necr       0%         N/A       100%        6
 Malign Gateway           Summ/Tloc      0%         N/A       100%        7
 Summon Hydra             Summ           0%         N/A       100%        7


Dungeon Overview and Level Annotations

Branches:
Dungeon (9/15)             Temple (1/1) D:5         Ossuary (visited)
   Lair: D:8-11         Orc: D:9-12

Altars:
Ashenzari
Cheibriados
Dithmenos
Elyvilon
Gozag
Hepliaklqana
Kikubaaqudgha
Okawaru
Qazlal
Ru
Sif Muna
Trog
Wu Jian
Xom
Yredelemnul
Zin
The Shining One

Shops:
D:3 *

Annotations:
D:9 3 runed translucent doors


Message History

The six-headed hydra looks as sick as possible!
The six-headed hydra is severely wounded.
You block the six-headed hydra's attack.
The six-headed hydra bites you.
You block the six-headed hydra's attack.
The six-headed hydra bites you but does no damage.
You block the six-headed hydra's attack.
The six-headed hydra bites you but does no damage.
You completely miss the six-headed hydra.
The six-headed hydra is severely wounded.
You hit the six-headed hydra.
The six-headed hydra is almost dead.
You block the six-headed hydra's attack.
The six-headed hydra bites you.
The six-headed hydra bites you but does no damage.
You block the six-headed hydra's attack.
The six-headed hydra bites you!
* * * LOW HITPOINT WARNING * * *
The six-headed hydra bites you but does no damage.
Your +5 spear of venom stops dripping with poison.
a - a +1 heavy war axe (weapon)
The bullfrog swells and bulges.
The six-headed hydra bites you.
* * * LOW HITPOINT WARNING * * *
You block the six-headed hydra's attack.
The six-headed hydra bites you.
* * * LOW HITPOINT WARNING * * *
The six-headed hydra bites you.
* * * LOW HITPOINT WARNING * * *
You block the six-headed hydra's attack.
The six-headed hydra bites you but does no damage.
You hack one of the six-headed hydra's heads off!
The five-headed hydra grows two more!
You slash the seven-headed hydra!
The seven-headed hydra is almost dead.
The seven-headed hydra bites you but does no damage.
The seven-headed hydra bites you.
* * * LOW HITPOINT WARNING * * *
The seven-headed hydra bites you but does no damage.
The seven-headed hydra bites you!
You die...

#.........##.#..
#...........#.###.#
#.....#.....#.....#
.....##.....#
....##.....)###
..............###
................##
...
.#.###...###☼.......#
...##.###.###
#@##...... .####+##.#
.# #D# ......
##DoTz#.##|


FO# ...... .+KyhQ##/c ##.. .##... ##FzzB#.# ..# .####+## #.#.# ...##.## ###.##.#
.....#.###D..###.. #........§.......... You could see a seven-headed hydra
(extremely poisoned), a two-headed ogre and a bullfrog.

Vanquished Creatures
  A centaur warrior (D:9)
  A hornet (D:9)
  2 trolls (D:9)
  Grinder (D:3)
  Sigmund (D:6)
  3 wyverns
  Menkaure (D:6)
  An acid dragon (D:9)
  A water moccasin (D:7)
  2 ice beasts
  3 orc warriors
  3 black bears
  2 ogres
  5 centaurs
  2 kobold brigands (D:9)
  A phantom (D:6)
  2 gnoll sergeants (D:8)
  5 bullfrogs
  9 scorpions
  3 wights (D:9)
  14 killer bees
  5 howler monkeys
  A centaur zombie (Ossuary)
  An orc priest (D:9)
  A gnoll bouda (D:8)
  3 jellies
  Crazy Yiuf (D:7)
  3 hounds
  A human zombie (Ossuary)
  3 iguanas
  2 sleepcaps
  Jessica (D:3)
  5 scorpion zombies (Ossuary)
  5 orc wizards
  Terence (D:3)
  Robin (D:4)
  4 mummies
  9 adders
  12 gnolls
  A shadow imp (D:7)
  4 white imps
  2 ufetubi (D:4)
  5 worms
  6 dart slugs
  18 orcs
  10 endoplasms
  4 giant cockroaches
  3 gnoll zombies (Ossuary)
  17 goblins
  7 hobgoblins
  3 jackals (D:1)
  4 quokkas
  6 ball pythons
  3 bats (D:2)
  3 frilled lizards
  4 goblin zombies (Ossuary)
  2 hobgoblin zombies (Ossuary)
  7 kobolds
  2 kobold zombies (Ossuary)
  2 orc zombies (Ossuary)
  3 rats
238 creatures vanquished.

Notes
Turn   | Place    | Note
-------+----------+-------------------------------------------
     0 | D:1      | porpoise the Hill Orc Fighter began the quest for the Orb.
     0 | D:1      | Reached XP level 1. HP: 19/19 MP: 1/1
    41 | D:1      | Reached skill level 3 in Axes
   116 | D:1      | Reached XP level 2. HP: 27/27 MP: 2/2
   356 | D:1      | Reached skill level 4 in Axes
   356 | D:1      | Reached XP level 3. HP: 33/33 MP: 3/3
   483 | D:1      | Found a faded altar of an unknown god.
   645 | D:2      | You fall into a shaft and drop 2 floors!
   667 | D:3      | Found Beutuli's General Store.
   676 | D:3      | Reached XP level 4. HP: 41/41 MP: 4/4
   681 | D:3      | Bought a scroll of identify for 28 gold pieces
   758 | D:3      | Reached skill level 5 in Axes
   926 | D:2      | Reached XP level 5. HP: 20/42 MP: 5/5
  1222 | D:2      | Reached skill level 5 in Fighting
  1293 | D:2      | Identified the +2 ring mail "Kiseocw" {Rampage MP+9}
  1665 | D:3      | Reached skill level 6 in Axes
  1701 | D:3      | Noticed Grinder
  1706 | D:3      | Paralysed by Grinder for 3 turns
  1722 | D:3      | Paralysed by Grinder for 5 turns
  1728 | D:3      | Killed Grinder
  1729 | D:3      | Reached skill level 7 in Axes
  1729 | D:3      | Reached XP level 6. HP: 37/57 MP: 6/6
  1766 | D:3      | Noticed Terence
  1771 | D:3      | Killed Terence
  1938 | D:3      | Found a sacrificial altar of Ru.
  1958 | D:3      | Noticed Jessica
  1963 | D:3      | Killed Jessica
  2417 | D:4      | Reached skill level 8 in Axes
  2417 | D:4      | Reached XP level 7. HP: 63/63 MP: 7/7
  2530 | D:4      | Noticed Robin
  2540 | D:4      | Killed Robin
  2603 | D:4      | Found a shadowy altar of Dithmenos.
  2747 | D:4      | Reached skill level 9 in Axes
  2810 | D:4      | Found a broken altar of Ashenzari.
  2810 | D:4      | Found a hazy altar of Hepliaklqana.
  2811 | D:4      | Found a glowing silver altar of Zin.
  2812 | D:4      | Found a shimmering altar of Xom.
  2813 | D:4      | Found a glowing golden altar of the Shining One.
  3182 | D:5      | Entered Level 5 of the Dungeon
  3281 | D:5      | Reached XP level 8. HP: 65/73 MP: 8/8
  3337 | D:5      | Found a staircase to the Ecumenical Temple.
  3344 | Temple   | Entered the Ecumenical Temple
  3401 | Temple   | Became a worshipper of Qazlal Stormbringer
  3454 | D:5      | Identified the ring "Ide Yho" {Will+++ Int+4 Dex+6 Slay-4}
  3531 | D:5      | Reached skill level 10 in Axes
  3648 | D:5      | Found an ornate altar of the Wu Jian Council.
  3904 | D:6      | Noticed Sigmund
  3920 | D:6      | Killed Sigmund
  3921 | D:6      | Reached skill level 11 in Axes
  3947 | D:6      | Noticed Menkaure
  3953 | D:6      | Killed Menkaure
  3963 | D:6      | Found a sand-covered staircase.
  3973 | Ossuary  | Entered an ossuary
  4048 | Ossuary  | Reached * piety under Qazlal
  4137 | Ossuary  | Reached skill level 12 in Axes
  4137 | Ossuary  | Reached XP level 9. HP: 81/82 MP: 9/9
  4406 | D:6      | Reached skill level 13 in Axes
  4432 | D:6      | Got the Catalogue of Location
  5170 | D:6      | Reached ** piety under Qazlal
  5554 | D:7      | Reached skill level 1 in Invocations
  5579 | D:7      | Reached skill level 14 in Axes
  5755 | D:7      | Reached skill level 1 in Dodging
  5861 | D:7      | Found a runed translucent door.
  5862 | D:7      | Noticed Crazy Yiuf
  6021 | D:7      | Killed Crazy Yiuf
  6139 | D:8      | Reached XP level 10. HP: 86/91 MP: 13/13
  6163 | D:8      | Reached *** piety under Qazlal
  6164 | D:8      | Reached skill level 5 in Invocations
  6538 | D:8      | Reached skill level 15 in Axes
  6613 | D:8      | Found a snail-covered altar of Cheibriados.
  6777 | D:9      | Found a runed translucent door.
  6778 | D:9      | Noticed a boulder beetle
  6783 | D:9      | Found a runed translucent door.
  6783 | D:9      | Noticed an ice dragon
  6783 | D:9      | Noticed a skeletal warrior
  6784 | D:9      | Found a runed translucent door.
  6785 | D:9      | Noticed a centaur warrior
  6785 | D:9      | Noticed a two-headed ogre
  6791 | D:9      | Killed a centaur warrior
  6791 | D:9      | Noticed a five-headed hydra
  6798 | D:9      | HP: 4/91 [six-headed hydra (5)]
  7030 | D:9      | Reached skill level 16 in Axes
  7039 | D:9      | Reached XP level 11. HP: 29/97 MP: 16/16
  7154 | D:9      | Reached **** piety under Qazlal
  7241 | D:9      | Slain by a seven-headed hydra

Illustrated notes

Levels and vault maps discovered:
D:1:      minmay_arrival_arboretum_small, layout_basic,
          ebering_ecumenical_altar_rust
D:2:      layout_loops_ring, serial_forest, infiniplex_forest_clump_long,
          infiniplex_forest_clump_medium, infiniplex_forest_straight_2,
          infiniplex_forest_end_1, infiniplex_forest_straight_4,
          infiniplex_forest_end_1
D:3:      layout_loops_corners, general_overflow_altar, serial_shops,
          nicolae_shop_stone, uniq_jessica, uniq_grinder, uniq_terence
D:4:      kennysheep_six_static_rooms, layout_loops_ring,
          grunt_temple_overflow_open, uniq_robin
D:5:      layout_cave_pools, mainiacjoe_overflow_small_starburst,
          minmay_temple_entry_wispy
D:6:      layout_basic, gup_ossuary_entry_pyramid, uniq_sigmund, uniq_menkaure
D:7:      layout_gridville, minmay_misc_feat_columns, minivault_24,
          uniq_crazy_yiuf_cottage
D:8:      layout_rooms, cheibrodos_worm_habitat, st_stairs_11
D:9:      minmay_the_grid_four_pointed_star_mashed
          [minmay_the_grid_triangle_9x9_fully_insulated_deathbox,
          minmay_the_grid_triangle_9x9_negative_grid,
          minmay_the_grid_triangle_9x9_dagger,
          minmay_the_grid_triangle_9x9_pentomino_pain,
          minmay_the_grid_prize_diamond_cup], layout_basic,
          nemelex_altar_shiori, kennysheep_orc_monster_closet_entryway
Temple:   jpeg_temple_clearing

Skill      XL: |  1  2  3  4  5  6  7  8  9 10 11 |
---------------+----------------------------------+-----
Axes           | 3 4 5 7 8 9 12 14 16 | 16.0
Fighting       | 4 5 6 7 8 9 |  9.0
Invocations    | 4 7 8 |  8.0
Dodging        | 1 4 |  4.6
Armour         | 4 |  4.1
Shields        | |  3.2

Action                     |  1- 3 |  4- 6 |  7- 9 | 10-12 || total
---------------------------+-------+-------+-------+-------++-------
  Melee: War axe           |    86 |   150 |   336 |   126 ||   698
         Spear             |       |       |       |    22 ||    22
   Fire: Sling             |       |       |       |     2 ||     2
    Use: Scroll            |       |     4 |    15 |     1 ||    20
         Potion            |       |     1 |       |     2 ||     3
 Armour: Scale mail        |    35 |    76 |   133 |    89 ||   333
  Dodge: Dodged            |    47 |    70 |    87 |   110 ||   314
  Block: Buckler           |    25 |    29 |   101 |   109 ||   264

Table legend: (Time is in decaauts)
 A = Elapsed time spent in this place.
 B = Non-inter-level travel time spent in this place.
 C = Inter-level travel time spent in this place.
 D = Time resting spent in this place.
 E = Time spent auto-exploring this place.
 F = Levels seen in this place.
 G = Mean time per level.
                   A        B        C        D        E       F      G
               +--------+--------+--------+--------+--------+-----+--------+
         Total |   7317 |   7098 |    219 |    701 |   4439 |  11 |  665.2 |
       Dungeon |   6893 |   6683 |    210 |    681 |   4357 |   9 |  765.9 |
        Temple |     66 |     57 |      9 |      0 |     42 |   1 |   66.0 |
       Ossuary |    357 |    357 |      0 |     20 |     40 |   1 |  357.0 |
               +--------+--------+--------+--------+--------+-----+--------+

Top non-repeatable levels by time:
     D:6: 1209 daAuts
     D:3: 915 daAuts
     D:4: 884 daAuts
     D:2: 856 daAuts
     D:8: 804 daAuts
     D:7: 705 daAuts
     D:1: 630 daAuts
     D:5: 504 daAuts
     D:9: 382 daAuts
 Ossuary: 357 daAuts
  Temple: 66 daAuts
